AoeStats
← Mikepig

Arabia

510738335Analyzed
1v1 RM · 1d ago on Oct 2, 2026· 34m 59s· 2 players
Game mode
Random Map
Map size
Tiny (2 player)
Population
200
Speed
Normal
Resources
Standard
Victory
Conquest
Starting age
Dark Age
Ending age
Imperial Age
RankedLock teamsTeams togetherTeam positionsShared explorationLock speedFull tech treeHidden civsTurbo modeCheats
Victory
Defeat
🇬🇧 Magyars · United Kingdom
777
+16
🇬🇧 Sicilians · United Kingdom
787
-40
Mikepig
10:11 Feudal Age
10:50 Loom
10:49 Horse Collar
10:57 Double-Bit Axe
15:35 Scale Barding Armor
18:28 Bloodlines
24:50 Castle Age
25:12 Light Cavalry
25:52 Husbandry
27:26 Chain Barding Armor
27:30 Bow Saw
27:23 Heavy Plow
34:07 Wheelbarrow
33:17 Town Watch
Larsonz1
7:58 Loom
10:08 Feudal Age
14:51 Double-Bit Axe
20:13 Fletching
20:24 Padded Archer Armor
21:58 Wheelbarrow
21:06 Horse Collar
25:17 Bloodlines
28:07 Castle Age
27:30 Gold Mining
28:08 Pikeman
28:10 Elite Skirmisher
28:50 Bodkin Arrow
29:10 Leather Archer Armor
28:57 Scale Mail Armor
33:14 Chain Mail Armor
33:04 Scale Barding Armor
Connection lost

Rejoining the realm…

Still unreachable

The connection could not be restored.

Session expired

The server has moved on; the page needs a fresh start.